 Dungeon Crawl Stone Soup version 0.29.0-4-gdea44cf6ec (webtiles) character file.

Game seed: 13443559989882157560

121 qw the Chopper (level 5, 0/30 HPs)
             Began as a Tengu Warper on Aug 28, 2022.
             Slain by a gnoll
             ... wielding a +0 halberd
              (5 damage)
             ... on level 3 of the Dungeon.
             The game lasted 00:00:13 (2537 turns).

qw the Chopper (Tengu Warper)                       Turns: 2537, Time: 00:00:13

Health: 0/30       AC:  8    Str: 14    XL:     5   Next: 5%
Magic:  9/9        EV:  7    Int: 13    God:
Gold:   127        SH:  0    Dex: 13    Spells: 8/8 levels left

rFire   . . .      SeeInvis .   Y - +1 hand axe
rCold   . . .      Faith    .   (no shield)
rNeg    . . .      Spirit   .   i - +0 chain mail
rPois   .          Reflect  .   (helmet restricted)
rElec   .          Harm     .   (no cloak)
rCorr   .          Rampage  .   (no gloves)
Will    .....                   (boots unavailable)
Stlth   ..........              (no amulet)
HPRegen 0.10/turn               (no ring)
MPRegen 0.11/turn               (no ring)

@: flying quickly and evasively, quick
A: beak, talons 3, nimble flight
a: no special abilities


You were on level 3 of the Dungeon.
You visited 1 branch of the dungeon, and saw 3 of its levels.

You collected 127 gold pieces.


Innate Abilities, Weirdness & Mutations

You have a beak for a mouth.
You have claws for feet.
Your magical nature lets you fly swiftly and evasively.


   Skills:
 - Level 2.0 Fighting
 + Level 5.6 Axes
 - Level 1.0 Throwing
 - Level 1.1 Armour
 - Level 2.1 Dodging
 - Level 2.0 Spellcasting
 - Level 2.4 Translocations


You had 8 spell levels left.
You didn't know any spells.
Your spell library contained the following spells:

 Spells                   Type           Power      Damage    Failure   Level
 Blink                    Tloc           14%        N/A       99%         2
 Gell's Gravitas          Tloc           7%         N/A       100%        3
 Lesser Beckoning         Tloc           7%         N/A       100%        3
 Teleport Other           Tloc           7%         N/A       100%        3
 Manifold Assault         Tloc           7%         N/A       100%        5

Inventory:

Hand Weapons
 l - a +0 whip
 Y - a +1 hand axe (weapon)
Missiles
 k - 2 boomerangs (quivered)
Armour
 c - a +0 plate armour of positive energy
 g - a +0 cloak
 i - a +0 chain mail (worn)
Jewellery
 a - an amulet of reflection
Scrolls
 b - a scroll of enchant armour
 h - a scroll of identify
Potions
 d - a potion of might {unknown}
 e - a potion of haste {unknown}
 f - a potion of mutation {unknown}

Dungeon Overview and Level Annotations

Branches:
Dungeon (3/15)

Altars:

Shops:
D:1 [


Message History

The gnoll hits you with a +0 spear.
You closely miss the gnoll. You claw the gnoll. You peck the gnoll.
The gnoll is moderately wounded.
The gnoll closely misses you.
You closely miss the gnoll. Your kick misses the gnoll.
The gnoll is moderately wounded.
You hit the gnoll but do no damage. You claw the gnoll, but do no damage.
The gnoll is moderately wounded.
The gnoll hits you with a +0 spear.
You hit the gnoll. Your kick misses the gnoll.
The gnoll is heavily wounded.
You hit the gnoll. The gnoll barely misses you.
The gnoll hits you but does no damage.
The gnoll hits you from afar with a +0 spear.
You hit the gnoll. You claw the gnoll.
You kill the gnoll!
You hit the gnoll. The gnoll hits you with a +0 club.
A gnoll comes into view. It is wielding a +0 halberd.
The gnoll hits you but does no damage.
2531 ||| Stepping ~*~*~tactically~*~*~ (hiding).
You closely miss the gnoll. You claw the gnoll.
The gnoll is almost dead.
The gnoll hits you but does no damage. The gnoll hits you with a +0 club.
You hit the gnoll.
You kill the gnoll!
The gnoll hits you but does no damage. The gnoll hits you but does no damage.
The gnoll hits you with a +0 spear.
You see here a +0 club.
You hit the gnoll. You claw the gnoll!
You kill the gnoll!
The gnoll hits you from afar with a +0 halberd.
You have reached level 5!
Your magical nature develops, letting you fly swiftly and evasively.
The gnoll closely misses you.
You see here a +0 spear.
You hit the gnoll. Your kick misses the gnoll. You peck the gnoll.
The gnoll is severely wounded.
The gnoll hits you with a +0 halberd.
You die...

..........########.#
#........# #.)..##
#.....#####)##...
#.)............
###.#######.##.#. .
#.....# ##.#..#. ...
#.###.# #..#....
.....###)# #.####.##.#..
......g@)# #............
...>.###.....####.####..
... ###.### #.# ##. . .#
#.# #. # #.# ##.
#.####.# #..<..##
######.# ##.


You could see a gnoll.

Vanquished Creatures
  An orc wizard (D:3)
  3 gnolls (D:3)
  A worm (D:2)
  4 dart slugs (D:1)
  3 orcs (D:3)
  2 ball pythons (D:1)
  5 bats
  5 endoplasms
  2 giant cockroaches
  4 hobgoblins
  3 jackals (D:3)
  3 kobolds
  A quokka (D:2)
  7 goblins
  5 rats (D:1)
49 creatures vanquished.

Vanquished Creatures (others)
  3 plants (D:3)
3 creatures vanquished.

Grand Total: 52 creatures vanquished

Notes
Turn   | Place    | Note
-------+----------+-------------------------------------------
     0 | D:1      | qw the Tengu Warper began the quest for the Orb.
     0 | D:1      | Reached XP level 1. HP: 12/12 MP: 4/4
     0 | D:1      | 0 ||| qw: Version: 0.1-a-89-g26bdef1
     0 | D:1      | 0 ||| qw: Game counter: 854
     0 | D:1      | 0 ||| qw: Always use a shield: true
     0 | D:1      | 0 ||| qw: God list: Okawaru
     0 | D:1      | 0 ||| qw: Allow faded altars: false
     0 | D:1      | 0 ||| qw: Do Orc after D:15 true
     0 | D:1      | 0 ||| qw: Do second Lair branch before Depths: true
     0 | D:1      | 0 ||| qw: Lair rune preference: random
     0 | D:1      | 0 ||| qw: Plans: Normal
     0 | D:1      | 0 ||| PLANNING D:1-11
    51 | D:1      | 51 ||| Stepping ~*~*~tactically~*~*~ (stealth).
    65 | D:1      | Reached skill level 3 in Axes
    65 | D:1      | Reached XP level 2. HP: 17/17 MP: 6/6
   144 | D:1      | 144 ||| Stepping ~*~*~tactically~*~*~ (hiding).
   145 | D:1      | 145 ||| Stepping ~*~*~tactically~*~*~ (hiding).
   146 | D:1      | Found a faded altar of an unknown god.
   286 | D:1      | 286 ||| Stepping ~*~*~tactically~*~*~ (hiding).
   398 | D:1      | 398 ||| Stepping ~*~*~tactically~*~*~ (stealth).
   399 | D:1      | 399 ||| Stepping ~*~*~tactically~*~*~ (stealth).
   400 | D:1      | 400 ||| Stepping ~*~*~tactically~*~*~ (stealth).
   401 | D:1      | 401 ||| Stepping ~*~*~tactically~*~*~ (stealth).
   403 | D:1      | 403 ||| Stepping ~*~*~tactically~*~*~ (stealth).
   420 | D:1      | 420 ||| Stepping ~*~*~tactically~*~*~ (stealth).
   429 | D:1      | HP: 3/17 [goblin/+0 club (4)]
   431 | D:1      | Reached XP level 3. HP: 4/21 MP: 7/7
   818 | D:1      | Found Maxam's Antique Armour Shop.
   825 | D:1      | 825 ||| SHOPLISTING runed scale mail (196 gold, have 13).
   825 | D:1      | 825 ||| SHOPLISTING shiny plate armour (728 gold, have 13).
   905 | D:1      | Reached skill level 4 in Axes
  1146 | D:1      | 1146 ||| Stepping ~*~*~tactically~*~*~ (hiding).
  1228 | D:1      | 1228 ||| UPGRADING to +0 ring mail.
  1238 | D:1      | 1238 ||| DROPPING +0 leather armour.
  1239 | D:1      | 1239 ||| UPGRADING to +0 chain mail.
  1249 | D:1      | 1249 ||| DROPPING +0 ring mail.
  1250 | D:1      | 1250 ||| READING scroll labelled REICIREUDU.
  1251 | D:1      | 1251 ||| READING scroll labelled ZYALAC WALIT.
  1252 | D:1      | 1252 ||| READING scroll labelled CETZYSA RARAY.
  1256 | D:1      | 1256 ||| READING scroll labelled PUEZYI QIRIGIS.
  1257 | D:1      | 1257 ||| READING scroll labelled HOSESH JESTIW.
  1258 | D:1      | 1258 ||| DRINKING 2 fuming yellow potions.
  1259 | D:1      | 1259 ||| DROPPING scroll of blinking.
  1260 | D:1      | 1260 ||| Stepping ~*~*~tactically~*~*~ (stealth).
  1261 | D:1      | 1261 ||| Stepping ~*~*~tactically~*~*~ (stealth).
  2063 | D:2      | 2063 ||| READING scroll labelled ASOLIOMATZ.
  2064 | D:2      | 2064 ||| READING scroll labelled HYESTROOPLO.
  2065 | D:2      | 2065 ||| READING scroll labelled EQIHEU VUQUVEMYMM.
  2066 | D:2      | 2066 ||| Stepping randomly (stuck).
  2067 | D:2      | 2067 ||| Stepping ~*~*~tactically~*~*~ (cloud).
  2068 | D:2      | 2068 ||| DRINKING 2 potions of curing.
  2068 | D:2      | 2068 ||| (to cure poison)
  2203 | D:3      | 2203 ||| STAIRDANCE
  2234 | D:3      | 2234 ||| Stepping ~*~*~tactically~*~*~ (stealth).
  2239 | D:3      | Reached XP level 4. HP: 26/26 MP: 8/8
  2452 | D:3      | 2452 ||| Stepping ~*~*~tactically~*~*~ (hiding).
  2453 | D:3      | 2453 ||| Stepping ~*~*~tactically~*~*~ (hiding).
  2471 | D:3      | 2471 ||| DRINKING potion of curing.
  2471 | D:3      | 2471 ||| (to cure confusion)
  2474 | D:3      | Reached skill level 5 in Axes
  2516 | D:3      | 2516 ||| DROPPING +0 club.
  2524 | D:3      | 2524 ||| Stepping ~*~*~tactically~*~*~ (stealth).
  2531 | D:3      | 2531 ||| Stepping ~*~*~tactically~*~*~ (hiding).
  2535 | D:3      | HP: 5/26 [gnoll/+0 halberd (6)]
  2536 | D:3      | Gained mutation: Your magical nature lets you fly swiftly
                  | and evasively. [Tengu growth]
  2536 | D:3      | Reached XP level 5. HP: 5/30 MP: 9/9
  2537 | D:3      | Slain by a gnoll

Levels and vault maps discovered:
D:1:      dreamdust_arrival_sigmund_warning, layout_loops_ring, serial_shops,
          shop_statue, hellmonk_ecumenical_altar_blasted
D:2:      layout_basic, serial_forest, infiniplex_forest_clump_small,
          infiniplex_forest_end_double, infiniplex_forest_end_2,
          infiniplex_forest_zigzag_2, infiniplex_forest_clump_tiny,
          infiniplex_forest_fountain, infiniplex_forest_corner_2,
          infiniplex_forest_lined_3_way
D:3:      layout_loops_ring, okawaru_gym_becter,
          nicolae_hepliaklqana_hazy_memory, ebering_dispersal_statue_hall,
          minmay_stone_trees_large, kennysheep_generic_room_16

Skill      XL: |  1  2  3  4 |
---------------+-------------+-----
Axes           | 3 4 5 |  5.6
Fighting       | |  2.0
Throwing       | |  1.0
Armour         | |  1.1
Dodging        | |  2.1
Spellcasting   | |  2.0
Translocations | |  2.4

Action                   |  1- 3 |  4- 6 || total
-------------------------+-------+-------++-------
Melee: Hand axe          |    65 |    35 ||   100
       Kick              |    18 |    10 ||    28
       Peck              |     7 |     8 ||    15
Throw: Boomerang         |     7 |     3 ||    10
  Use: Scroll            |     8 |       ||     8
       Potion            |     2 |     1 ||     3
Armor: Leather armour    |    10 |       ||    10
       Chain mail        |     8 |    18 ||    26
Dodge: Dodged            |    22 |     7 ||    29

Table legend:
 A = Non-vault XP
 B = Vault XP
 C = Vault XP percentage of total XP
 D = Non-vault monster count
 E = Vault monster count
 F = Vault count percentage of total count
                 A         B        C        D         E       F
            +---------+---------+-------+---------+---------+-------
      Total |     174 |       0 |   0.0 |      49 |       0 |   0.0
            +---------+---------+-------+---------+---------+-------
        D:1 |      55 |       0 |   0.0 |      27 |       0 |   0.0
        D:2 |      24 |       0 |   0.0 |      11 |       0 |   0.0
        D:3 |      95 |       0 |   0.0 |      11 |       0 |   0.0
            +---------+---------+-------+---------+---------+-------
